 Dungeon Crawl Stone Soup version 0.31-a0-569-g7ea453304b (webtiles) character file.

Game seed: 14299419583680767138

149 Ethylacetat the Insei (level 5, -4/36 HPs)
             Began as an Octopode Gladiator on Aug 18, 2023.
             Slain by an orc
             ... wielding a +0 whip
              (6 damage)
             ... on level 3 of the Dungeon.
             The game lasted 00:02:23 (2096 turns).

Ethylacetat the Insei (Octopode Gladiator)          Turns: 2096, Time: 00:02:25

Health: -4/36      AC:  1    Str: 13    XL:     5   Next: 31%
Magic:  5/5        EV: 14    Int: 11    God:
Gold:   139        SH:  0    Dex: 15    Spells: 4/4 levels left

rFire   + .          .
                       - Unarmed
rCold   . . .        (no shield)
rNeg    . . .        a - +0 hat
rPois   .            (no amulet)
rElec   .            o - ring of protection from fire
rCorr   .            (no ring)
SInv    .            (no ring)
Will    .....        (no ring)
Stlth   ++           (no ring)
HPRegen 0.26/turn    (no ring)
MPRegen 0.09/turn    (no ring)
                     (no ring)

%: no passive effects
@: no status effects
A: almost no armour, amphibious, 8 rings, camouflage 1, gelatinous body 1,
(nimble swimmer 1), tentacles
a: no special abilities


You were on level 3 of the Dungeon.
You visited 1 branch of the dungeon, and saw 3 of its levels.

You collected 139 gold pieces.

Inventory:

Missiles
 b - 4 throwing nets (quivered)
 c - a javelin
Armour
 a - a +0 hat (worn)
Jewellery
 o - a ring of protection from fire (left tentacle)
Scrolls
 f - a scroll of immolation {unknown}
 h - 2 scrolls of vulnerability {unknown}
 i - a scroll of enchant weapon {unknown}
 j - a scroll of identify {unknown}
 k - a scroll of amnesia {unknown}
 l - a scroll of brand weapon {unknown}
 m - a scroll of enchant armour {unknown}
Potions
 d - a potion of berserk rage {unknown}
 e - a potion of heal wounds {unknown}
 g - a potion of curing {unknown}
 n - a potion of magic {unknown}


   Skills:
 + Level 3.0 Fighting
 + Level 3.1 Throwing
 + Level 3.8 Dodging
 + Level 3.9 Unarmed Combat


You had 4 spell levels left.
You didn't know any spells.
Your spell library contained the following spells:

 Spells                   Type           Power      Damage    Failure   Level
 Apportation              Tloc           0%         N/A       34%         1
 Necrotise                Necr           0%         1d4       34%         1
 Summon Small Mammal      Summ           0%         N/A       34%         1
 Ensorcelled Hibernation  Hex/Ice        0%         N/A       47%         2
 Summon Guardian Golem    Hex/Summ       0%         N/A       71%         3
 Anguish                  Hex/Necr       0%         N/A       98%         4
 Orb of Destruction       Conj           0%         9d5       100%        7
 Spellforged Servitor     Conj/Summ      0%         N/A       100%        7


Dungeon Overview and Level Annotations

Branches:
Dungeon (3/15)

Altars:
The Shining One

Shops:
D:3 ?


Innate Abilities, Weirdness & Mutations

You cannot wear most types of armour.
You are amphibious.
You can wear up to eight rings at the same time.
Your skin changes colour to match your surroundings (Stealth+).
Your rubbery body absorbs attacks. (AC +1, EV +1)
((You are camouflaged when in or above water. (Stealth+)))
You have tentacles for arms and can constrict up to eight enemies at once.


Message History

The magic dart hits something!
The orc closely misses you. Something hits you.
The orc hits you with a +0 whip.
You tentacle-slap the orc.
The orc is lightly wounded.
The orc closely misses you.
The orc wizard points at you and mumbles some strange words.
The puff of flame hits something.
Reactivating autopickup.
The orc closely misses you.
The orc wizard gestures wildly while chanting.
The orc wizard flickers and vanishes!
Deactivating autopickup; reactivate with Ctrl-A.
The orc puts on a burst of speed as it pursues you!
The orc closely misses you.
You tentacle-slap the orc. Your squeeze misses the orc.
The orc is moderately wounded.
The orc closely misses you. The orc hits you but does no damage.
The kobold hits you with a +0 dagger.
* * * LOW HITPOINT WARNING * * *
Unknown command.
Okay, then.
You tentacle-slap the orc but do no damage.
You feel less confused. The orc hits you with a +0 club.
* * * LOW HITPOINT WARNING * * *
The orc hits you but does no damage. The kobold closely misses you.
You barely miss the kobold. Your grab misses the kobold.
Your tentacle-slap misses the kobold.
The orc hits you but does no damage. The orc barely misses you.
Something hits you.
* * * LOW HITPOINT WARNING * * *
The orc misses you. The kobold hits you with a +0 dagger.
* * * LOW HITPOINT WARNING * * *
You tentacle-slap the kobold. You grab the kobold.
The kobold is moderately wounded.
You constrict the kobold, but do no damage.
The orc hits you with a +0 club.
* * * LOW HITPOINT WARNING * * *
The orc barely misses you. Something barely misses you.
The orc hits you with a +0 whip.
You die...

.....###...##.#.....##∩#.#.##
..........# #.#......#'#.'...
..........###.##....##...#...
....................######...
.......................# #...
.......................# #...
.....###..........))...# #.##
..... #...............###.#.
########...K@o......†......#.
........oo...........####.
.........)#..........# #.
...........#..........# ...
.......!...#...............
...........#...............
#####......#.............##
#......# ....>...## ..
......... ...


You could see 3 orcs and a kobold.

Vanquished Creatures
  An orc priest (D:3)
  A gnoll (D:1)
  3 adders
  A worm (D:3)
  2 dart slugs
  5 orcs (D:3)
  3 endoplasms
  5 giant cockroaches
  6 goblins
  8 hobgoblins
  7 jackals
  7 kobolds
  4 quokkas
  3 ball pythons
  4 bats (D:1)
  4 rats
64 creatures vanquished.

Vanquished Creatures (others)
  An orc wizard (D:3)
1 creature vanquished.

Grand Total: 65 creatures vanquished

Notes
Turn   | Place    | Note
-------+----------+-------------------------------------------
     0 | D:1      | Ethylacetat the Octopode Gladiator began the quest for the
                  | Orb.
     0 | D:1      | Reached XP level 1. HP: 14/14 MP: 1/1
    12 | D:1      | Reached XP level 2. HP: 19/19 MP: 2/2
   328 | D:1      | Reached XP level 3. HP: 8/25 MP: 3/3
   481 | D:1      | Found a faded altar of an unknown god.
  1019 | D:2      | Reached XP level 4. HP: 26/30 MP: 4/4
  1150 | D:2      | Found a glowing golden altar of the Shining One.
  1876 | D:3      | Reached XP level 5. HP: 13/36 MP: 5/5
  1999 | D:3      | Found Poept's Magic Scroll Shop.
  2096 | D:3      | Slain by an orc

Illustrated notes

Levels and vault maps discovered:
D:1:      dpeg_arrival_arbitrary_c, layout_loops_ring,
          shapermc_ecumenical_altar_mp_highgroup
D:2:      layout_loops_ring, basic_altar, roderic_serpentine_path,
          minmay_tromino_i2
D:3:      layout_basic, serial_shops, nicolae_shop_window_shopping,
          chequers_avenue, minivault_27, kennysheep_cluttered_room

Skill      XL: |  1  2  3  4 |
---------------+-------------+-----
Throwing       | 3 |  3.1
Fighting       | 3 |  3.0
Dodging        | |  3.8
Unarmed Combat | |  3.9

Action                     |  1- 3 |  4- 6 || total
---------------------------+-------+-------++-------
  Melee: Unarmed           |    78 |    84 ||   162
         Tentacles         |    14 |    15 ||    29
         Constrict         |    23 |    22 ||    45
         Punch             |     1 |     4 ||     5
   Stab: Sleeping          |     7 |     7 ||    14
 Armour: Skin              |     4 |     7 ||    11
  Dodge: Dodged            |    45 |    62 ||   107

Table legend: (Time is in decaauts)
 A = Elapsed time spent in this place.
 B = Non-inter-level travel time spent in this place.
 C = Inter-level travel time spent in this place.
 D = Time resting spent in this place.
 E = Time spent auto-exploring this place.
 F = Levels seen in this place.
 G = Mean time per level.
                   A        B        C        D        E       F      G
               +--------+--------+--------+--------+--------+-----+--------+
         Total |   2085 |   2028 |     57 |     95 |   1579 |   3 |  695.0 |
       Dungeon |   2085 |   2028 |     57 |     95 |   1579 |   3 |  695.0 |
               +--------+--------+--------+--------+--------+-----+--------+

Top non-repeatable levels by time:
     D:1: 898 daAuts
     D:2: 770 daAuts
     D:3: 416 daAuts
